 Dungeon Crawl Stone Soup version 0.16-a0-3452-g71b9fc6 (webtiles) character file.

229642 BluebellGnoll the Imperceptible (level 18, -7/74 HPs)
             Began as a Spriggan Enchanter on Dec 30, 2014.
             Was the Champion of Vehumet.
             Mangled by an azure jelly (24 damage)
             ... on level 8 of the Lair of Beasts on Jan 1, 2015.
             The game lasted 05:35:50 (49279 turns).

BluebellGnoll the Imperceptible (SpEn)             Turns: 49279, Time: 05:35:51

Health: -7/74      AC: 10    Str:  4    XL:     18   Next: 74%
Magic:  2/51       EV: 37    Int: 22    God:    Vehumet [******]
Gold:   4228       SH:  9    Dex: 19    Spells: 15 memorised, 4 levels left

rFire  . . .     SeeInvis +     l - +3 rapier (elec)
rCold  . . .     Clarity  +     Z - +4 robe of the Shining One's Hope {MR++ SInv}
rNeg   . . .     SustAb   .     V - +2 buckler
rPois  +         Gourm    .     P - +2 hat {MR+}
rElec  .         Spirit   .     i - +1 cloak
rCorr  .         Warding  .     (gloves unavailable)
rMut   .         Stasis   .     (boots unavailable)
MR     +++++                    h - amulet of clarity
Stlth  +++++++++.               q - ring of poison resistance
                                G - ring of magical power

@: very quick, almost entirely resistant to hostile enchantments, incredibly
stealthy
A: unfitting armour, see invisible, herbivore 3, speed 3, slow metabolism 2
a: Renounce Religion
}: 1/15 runes: gossamer


You were on level 8 of the Lair of Beasts.
You worshipped Vehumet.
Vehumet was exalted by your worship.
You were not hungry.

You visited 7 branches of the dungeon, and saw 35 of its levels.
You also visited: Labyrinth and Sewer.

You collected 4228 gold pieces.

Inventory:

Hand weapons
 c - a +3 rapier of draining
 l - a +3 rapier of electrocution (weapon)
 O - a +0 blowgun
Missiles
 B - 6 curare-tipped needles
Armour
 i - a +1 cloak (worn)
 P - a +2 hat of magic resistance (worn)
 V - a +2 buckler (worn)
 Z - the +4 robe of the Shining One's Hope (worn) {MR++ SInv}
   (You took it off a deep elf fighter on level 1 of the Elven Halls)

   It affects your resistance to hostile enchantments.
   It enhances your eyesight.
Jewellery
 e - an uncursed ring of ice
 g - an uncursed amulet of resist corrosion
 h - an amulet of clarity (around neck)
 q - a ring of poison resistance (right hand)
 u - an uncursed ring of sustain abilities
 G - a ring of magical power (left hand)
 L - an uncursed amulet of regeneration
 Q - an uncursed ring of protection from fire
 R - an uncursed ring of teleportation
Magical devices
 j - a wand of invisibility (5)
 m - a wand of cold (6)
 o - a wand of digging (3)
 E - a wand of paralysis (24)
 M - a wand of draining (11)
 W - a wand of paralysis (8)
Scrolls
 f - 4 scrolls of blinking
 r - 7 scrolls of magic mapping
 s - 10 scrolls of teleportation
 t - 3 scrolls of fog
 y - 6 scrolls of recharging
 D - a scroll of immolation
 K - 13 scrolls of remove curse
 N - 2 scrolls of fear
Potions
 a - 4 potions of brilliance
 k - 5 potions of agility
 n - 11 potions of curing
 v - 4 potions of heal wounds
 w - 7 potions of haste
 C - a potion of resistance
 H - 6 potions of magic
 I - 6 potions of might
 J - 2 potions of flight
 S - 3 potions of berserk rage
Miscellaneous
 F - 2 phials of floods
 T - a lantern of shadows
 U - a box of beasts
Comestibles
 d - 18 bread rations


   Skills:
 - Level 4.7 Short Blades
 + Level 21.5 Dodging
 - Level 21.8 Stealth
 - Level 3.6 Shields
 - Level 21.0 Spellcasting
 - Level 5.8 Conjurations
 - Level 10.1 Hexes
 - Level 2.0 Charms
 - Level 1.5 Summonings
 - Level 3.0 Fire Magic
 - Level 4.5 Ice Magic
 - Level 8.7 Evocations


You had 4 spell levels left.
You knew the following spells:

 Your Spells              Type           Power        Failure   Level  Hunger
a - Iskenderun's Mystic   Conj           #####...     1%          4    None
b - Ensorcelled Hibernat  Hex/Ice        ######       1%          2    None
c - Confuse               Hex            ######..     1%          3    None
d - Stone Arrow           Conj/Erth      #####.       1%          3    None
e - Dazzling Spray        Conj/Hex       ######..     1%          3    None
f - Enslavement           Hex            ######..     1%          4    None
g - Mephitic Cloud        Conj/Pois/Air  ####....     1%          3    None
h - Regeneration          Chrm/Necr      ####......   4%          3    None
i - Iskenderun's Battles  Conj/Chrm      #####...     3%          5    None
j - Bolt of Cold          Conj/Ice       #####.....   12%         6    ###....
k - Fireball              Conj/Fire      #####.....   3%          5    None
l - Freezing Cloud        Conj/Ice/Air   #####.....   32%         6    ###....
m - Summon Mana Viper     Hex/Summ       #####...     6%          5    None
w - Sure Blade            Hex/Chrm       ######....   1%          2    None
z - Apportation           Tloc           ###.......   1%          1    None


Dungeon Overview and Level Annotations

Branches:
Dungeon (14/15)            Temple (1/1) D:7            Lair (8/8) D:10
 Shoals (0/5) Lair:5       Spider (5/5) Lair:6        Slime (1/6) Lair:8
    Orc (4/4) D:12            Elf (2/3) Orc:4        Vaults (0/5) D:14

Altars:
Ashenzari
Cheibriados
Dithmenos
Elyvilon
Fedhas
Gozag
Kikubaaqudgha
Makhleb
Nemelex Xobeh
Okawaru
Qazlal
Ru
Sif Muna
Trog
Vehumet
Xom
Yredelemnul
Zin
The Shining One
Beogh

Shops:
D:10 *   Orc:4 [=[=

Portals:
Trove: D:10 (give 22 scrolls of identify)

Annotations:
D:10 Josephine, Nergalle
Elf:1 dig
Elf:2 runed door


Innate Abilities, Weirdness & Mutations

You are tiny and cannot use many weapons and most armour.
You have supernaturally acute eyesight.
You are a herbivore.
You cover ground extremely quickly.
You need consume almost no food.


Message History

The azure jelly hits your mana viper but does no damage.
The azure jelly hits your mana viper.
The azure jelly freezes your mana viper!!
Your mana viper seems to slow down.
The azure jelly hits your mana viper. x2
The azure jelly hits your mana viper.
The azure jelly freezes your mana viper!!
Your mana viper seems to slow down.
Your mana viper dies!
You closely miss the azure jelly.
The azure jelly is heavily wounded.
The azure jelly completely misses you. The azure jelly hits you!
The azure jelly freezes you!!!
Ouch! That really hurt!
* * * LOW HITPOINT WARNING * * *
The azure jelly completely misses you. x2
The azure jelly hits you.
* * * LOW HITPOINT WARNING * * *
The azure jelly freezes you!!
You die...

.............## ##P...####......
..............# ##..P..# ###....
..............###.PP...# #.#J..
...............##PPP...# ##....
P....>.........###PPP..# #....
P...............#..P#P########...
.........#.#.#.#.#.#### #.##.J..P
....................######.P....P
..P#.....#.#.#.#@#.#...#.#.......
....#...........J...............#
.........#.#.#.#.#.#........#..#.
............<.............#######
.........#.#F#.#.#.#......# ##.
P........................## ###..
.≈.......#.#.#.#.#.#...P.# ##....
......................P.## #.....
≈≈..P...##.#.#.#.#.#..P..####....


You could see an azure jelly and a spiny frog.

Vanquished Creatures
  Norris (Spider:5)
  Arachne (Spider:5)
  A deep elf blademaster (Elf:2)
  Agnes (Spider:2)
  Kirke (Spider:1)
  Frances (Spider:3)
  2 azure jellies (Slime:1)
  Donald (Spider:1)
  A ghost moth (Spider:5)
  An orc warlord (Orc:4)
  Gastronok (Orc:2)
  4 emperor scorpions
  A minotaur (Lab)
  2 deep elf high priests (Elf:1)
  Fannar (Lair:1)
  Harold (Orc:2)
  7 hydras
  2 centaur warriors
  Erica (Lair:7)
  13 dancing weapons (Elf:2)
  4 death yaks (Lair:8)
  2 ogre magi
  2 orc high priests
  The ghost of Grim the Covert, a powerful SpEn of Dithmenos (D:10)
  19 deep elf knights
  2 deep trolls (Orc:4)
  8 hill giants
  12 deep elf summoners
  An unseen horror (D:12)
  8 deep elf conjurers
  4 orc sorcerers
  8 ugly things
  10 orb spiders
  A mana viper (Spider:2)
  3 orc knights (Orc:4)
  A small abomination (Elf:1)
  4 red wasps
  2 oklob plants
  6 moths of wrath
  2 griffons
  The ghost of Frontstab the Skirmisher, an experienced OgAs (D:4)
  22 wolf spiders
  3 black mambas
  6 cyclopes
  A moth of wrath (shapeshifter) (Elf:1)
  8 elephants
  2 gargoyles
  2 torpor snails
  18 spiny frogs
  An orange crystal statue (Elf:1)
  5 komodo dragons
  4 fire drakes
  16 trolls
  15 demonic crawlers
  8 two-headed ogres
  7 deep elf priests
  4 wandering mushrooms (D:12)
  A polar bear (Lair:4)
  3 giant leeches (Lair:8)
  28 jumping spiders
  3 slime creatures (D:12)
  16 blink frogs
  A raiju (shapeshifter) (Elf:1)
  3 water elementals
  A human (Spider:1)
  5 basilisks
  5 wraiths
  45 redbacks
  A spriggan (Lair:6)
  A steam dragon (D:11)
  32 tarantellas
  17 deep elf magi
  2 shadows
  15 trapdoor spiders
  2 hogs (Spider:1)
  A hungry ghost (D:9)
  A wyvern (Lair:8)
  58 yaks
  12 water moccasins
  17 wolves
  11 hippogriffs
  A soldier ant (D:13)
  A warg (Elf:1)
  29 vampire mosquitoes
  26 deep elf fighters
  35 orc warriors
  13 porcupines
  6 ice beasts
  39 spiders
  A black bear (D:6)
  3 sky beasts
  3 yellow wasps
  2 eyes of draining
  27 ogres
  9 crocodiles
  17 centaurs
  5 big kobolds
  An earth elemental (Lab)
  A brain worm (Lair:4)
  42 giant frogs
  17 killer bees
  10 scorpions
  2 oklob saplings (D:12)
  12 electric eels
  A wyvern simulacrum (D:10)
  16 crimson imps
  3 goliath beetles
  A quasit (D:11)
  A yellow wasp zombie (D:7)
  3 centaur zombies
  4 giant frog zombies
  8 jellies
  26 orc priests
  The ghost of Grim the Sneak, a weakling SpEn (D:3)
  2 giant frog skeletons
  11 hounds
  2 hell rats (Elf:1)
  10 iguanas
  32 orc wizards
  A centaur skeleton (D:7)
  8 sheep
  6 worker ants
  Ijyb (D:6)
  A hound zombie (D:5)
  2 hound skeletons
  A killer bee simulacrum (D:10)
  4 gnolls (D:6)
  2 worker ant zombies
  31 adders
  2 shadow imps
  64 river rats
  3 giant mites
  2 worms
  2 adder zombies (D:5)
  An adder skeleton (D:10)
  7 giant geckos
  14 oozes
  156 orcs
  14 bats
  A bat skeleton (D:4)
  A bat zombie (D:7)
  4 giant cockroaches
  16 hobgoblins
  2 jackals (D:11)
  20 kobolds
  8 quokkas
  2 ball pythons
  A giant gecko skeleton (D:6)
  4 giant spores
  15 goblins
  A jackal skeleton (D:7)
  A quokka skeleton (D:4)
  21 rats
  9 ballistomycetes
  2 crawling corpses (Elf:1)
  5 fungi
1406 creatures vanquished.

Vanquished Creatures (collateral kills)
  Nikola (Spider:3)
  2 ghost moths (Spider:5)
  An emperor scorpion (Spider:5)
  A deep elf high priest (Elf:1)
  A hydra (Lair:7)
  2 dancing weapons (Elf:2)
  2 deep elf knights (Elf:1)
  2 orb spiders
  An orc sorcerer (Orc:4)
  2 red wasps (Spider:5)
  A wolf spider (Spider:4)
  A demonic crawler (Spider:5)
  A fire drake (Lair:7)
  2 redbacks
  A trapdoor spider (Spider:2)
  3 tarantellas
  A hog (Spider:1)
  A spider (Spider:2)
  An ogre (Orc:2)
  4 orc priests (D:12)
  5 orc wizards
  8 orcs
44 creatures vanquished.

Vanquished Creatures (others)
  A deep elf demonologist (Elf:1)
  An ugly thing (D:14)
  15 mana vipers
  A vampire mosquito (D:12)
  An orc priest (D:12)
  An orc (Elf:1)
  26 fungi
  2 plants (Lair:8)
48 creatures vanquished.

Grand Total: 1498 creatures vanquished

Notes
Turn   | Place    | Note
--------------------------------------------------------------
     0 | D:1      | BluebellGnoll, the Spriggan Enchanter, began the quest for the Orb.
     0 | D:1      | Reached XP level 1. HP: 9/9 MP: 4/4
   478 | D:1      | Reached skill level 5 in Stealth
   680 | D:1      | You fall through a shaft!
  1107 | D:2      | Reached XP level 2. HP: 11/13 MP: 5/7
  1112 | D:2      | Learned a level 2 spell: Ensorcelled Hibernation
  1359 | D:2      | Reached skill level 6 in Stealth
  1733 | D:2      | Reached XP level 3. HP: 13/16 MP: 7/9
  1738 | D:2      | Learned a level 3 spell: Confuse
  2063 | D:3      | Noticed Grim's ghost (weakling SpEn)
  2184 | D:3      | Killed Grim's ghost
  2184 | D:3      | Reached skill level 7 in Stealth
  2184 | D:3      | Reached XP level 4. HP: 19/21 MP: 9/12
  2188 | D:3      | Learned a level 2 spell: Sure Blade
  2334 | D:3      | Reached skill level 8 in Stealth
  2811 | D:3      | Reached XP level 5. HP: 24/24 MP: 11/14
  2877 | D:3      | Found an opulent altar of Gozag.
  2877 | D:3      | Found a glowing silver altar of Zin.
  3079 | D:3      | Reached skill level 9 in Stealth
  3452 | D:4      | Noticed an ogre
  3466 | D:4      | Noticed Frontstab's ghost (experienced OgAs)
  3467 | D:4      | Killed an ogre
  3467 | D:4      | Reached skill level 5 in Hexes
  3467 | D:4      | Reached XP level 6. HP: 28/28 MP: 8/20
  3642 | D:5      | Entered Level 5 of the Dungeon
  3650 | D:5      | Learned a level 3 spell: Dazzling Spray
  3655 | D:5      | Learned a level 4 spell: Enslavement
  3767 | D:4      | Killed Frontstab's ghost
  3767 | D:4      | Reached XP level 7. HP: 32/32 MP: 1/24
  4251 | D:5      | Reached XP level 8. HP: 36/36 MP: 20/26
  5117 | D:6      | Found a glowing golden altar of the Shining One.
  5136 | D:6      | Noticed Ijyb
  5141 | D:6      | Killed Ijyb
  5222 | D:6      | Found a glowing drain.
  5226 | Sewer    | Entered a sewer
  5321 | Sewer    | Reached skill level 5 in Dodging
  6225 | D:7      | Found a staircase to the Ecumenical Temple.
  6246 | Temple   | Entered the Ecumenical Temple
  6286 | Temple   | Became a worshipper of Vehumet
  6339 | D:7      | Reached XP level 9. HP: 37/39 MP: 26/29
  6958 | D:7      | Acquired Vehumet's first power
  6958 | D:7      | Offered knowledge of Flame Tongue by Vehumet.
  7195 | D:8      | Found a sparkling altar of Nemelex Xobeh.
  7207 | D:8      | Reached skill level 10 in Stealth
  7583 | D:8      | Reached skill level 11 in Stealth
  7693 | D:8      | Found a bloodstained altar of Trog.
  7696 | D:8      | Found a shimmering altar of Xom.
  7699 | D:8      | Found a sacrificial altar of Ru.
  7811 | D:8      | Found a stormy altar of Qazlal.
  7813 | D:8      | Found a blossoming altar of Fedhas.
  8010 | D:9      | Reached skill level 12 in Stealth
  8109 | D:9      | Found a deep blue altar of Sif Muna.
  8176 | D:9      | Found a shattered altar of Ashenzari.
  8211 | D:9      | Reached skill level 13 in Stealth
  8233 | D:9      | Offered knowledge of Shock by Vehumet.
  8371 | D:9      | Reached skill level 14 in Stealth
  8371 | D:9      | Reached XP level 10. HP: 44/44 MP: 18/30
  8663 | D:10     | Entered Level 10 of the Dungeon
  8780 | D:10     | Noticed Nergalle
  8839 | D:10     | Noticed Grim's ghost (powerful SpEn)
  8850 | D:10     | Killed Grim's ghost
  8850 | D:10     | Reached skill level 10 in Dodging
  9077 | D:10     | Found Otong's General Store.
  9115 | D:10     | Found a shadowy altar of Dithmenos.
  9115 | D:10     | Noticed Josephine
  9675 | D:10     | Found a staircase to the Lair.
 10128 | D:11     | Offered knowledge of Static Discharge by Vehumet.
 10129 | D:11     | Noticed a hill giant
 10150 | D:11     | Killed a hill giant
 10517 | D:11     | Noticed a hill giant
 10531 | D:11     | Killed a hill giant
 10546 | D:11     | Acquired Vehumet's second power
 10735 | D:11     | Reached XP level 11. HP: 47/47 MP: 28/31
 10964 | D:11     | Reached skill level 15 in Dodging
 11104 | D:11     | Offered knowledge of Iskenderun's Mystic Blast by Vehumet.
 11110 | D:11     | Learned a level 4 spell: Iskenderun's Mystic Blast
 11144 | D:11     | Noticed a cyclops
 11164 | D:11     | Killed a cyclops
 11455 | D:11     | Noticed a cyclops
 11469 | D:11     | Killed a cyclops
 11469 | D:11     | Reached skill level 1 in Conjurations
 11957 | D:11     | Reached skill level 10 in Spellcasting
 12066 | D:12     | Found a sacrificial altar of Ru.
 12132 | D:12     | Acquired Vehumet's third power
 12336 | D:12     | Offered knowledge of Stone Arrow by Vehumet.
 12341 | D:12     | Learned a level 3 spell: Stone Arrow
 12467 | D:12     | Found a stormy altar of Qazlal.
 12781 | D:11     | HP: 2/47 [killer bee (4)]
 13126 | D:12     | Noticed a four-headed hydra
 13155 | D:12     | Noticed a seven-headed hydra
 13187 | D:12     | Killed a four-headed hydra
 13584 | D:12     | Reached XP level 12. HP: 51/51 MP: 30/35
 13595 | D:12     | Noticed a hill giant
 13644 | D:12     | Killed a hill giant
 14405 | D:12     | Killed a seven-headed hydra
 15203 | D:12     | Offered knowledge of Irradiate by Vehumet.
 15275 | D:12     | Found a staircase to the Orcish Mines.
 15342 | D:12     | Found a blossoming altar of Fedhas.
 15771 | D:13     | Learned a level 5 spell: Fireball
 16080 | D:13     | Reached skill level 1 in Fire Magic
 16645 | D:14     | Reached skill level 15 in Stealth
 16915 | D:14     | Noticed a centaur warrior
 17036 | D:14     | Killed a centaur warrior
 17121 | D:14     | Reached XP level 13. HP: 55/55 MP: 15/37
 17595 | D:14     | Reached skill level 16 in Stealth
 17745 | D:14     | Found a gate to the Vaults.
 17745 | D:14     | Noticed a vault guard
 17745 | D:14     | Noticed a vault guard
 17745 | D:14     | Noticed a vault guard
 17746 | D:14     | Noticed a vault guard
 17801 | D:12     | Noticed a centaur warrior
 17813 | D:12     | Killed a centaur warrior
 17894 | Lair:1   | Entered Level 1 of the Lair of Beasts
 18224 | Lair:1   | Noticed Fannar
 18288 | Lair:1   | Reached skill level 17 in Stealth
 18392 | Lair:1   | Killed Fannar
 19046 | Lair:2   | Learned a level 5 spell: Summon Mana Viper
 19506 | Lair:2   | Offered knowledge of Iskenderun's Battlesphere by Vehumet.
 19584 | Lair:2   | Learned a level 5 spell: Iskenderun's Battlesphere
 20769 | Lair:3   | Reached skill level 10 in Hexes
 21318 | Lair:4   | Reached skill level 1 in Charms
 21738 | Lair:4   | Reached skill level 1 in Summonings
 22108 | Lair:5   | Upgraded the game from 0.16-a0-3389-g45633df to 0.16-a0-3420-gb95a3aa
 22217 | Lair:5   | Reached skill level 18 in Stealth
 22304 | Lair:5   | Found a staircase to the Shoals.
 22410 | Lair:5   | Offered knowledge of Conjure Ball Lightning by Vehumet.
 22569 | Lair:5   | Reached skill level 15 in Spellcasting
 23212 | Lair:6   | Found a hole to the Spider Nest.
 23424 | Lair:6   | Reached XP level 14. HP: 59/59 MP: 38/38
 23493 | Lair:6   | Reached skill level 1 in Evocations
 25001 | Lair:7   | Noticed Erica
 25052 | Lair:7   | Killed Erica
 26009 | Lair:8   | Entered Level 8 of the Lair of Beasts
 26597 | Lair:8   | Offered knowledge of Freezing Cloud by Vehumet.
 26608 | Lair:8   | Reached skill level 5 in Evocations
 26618 | Lair:8   | Learned a level 6 spell: Freezing Cloud
 26689 | Lair:8   | Found a staircase to the Slime Pits.
 28585 | Lair:2   | Learned a level 1 spell: Apportation
 28689 | Orc:1    | Entered Level 1 of the Orcish Mines
 28701 | Orc:1    | Offered knowledge of Poisonous Cloud by Vehumet.
 28964 | Orc:2    | Noticed Harold
 29004 | Orc:2    | Killed Harold
 29533 | Orc:1    | Found a roughly hewn altar of Beogh.
 29850 | Orc:2    | Noticed Gastronok
 29868 | Orc:2    | Killed Gastronok
 30107 | Orc:3    | Offered knowledge of Ozocubu's Refrigeration by Vehumet.
 30643 | Orc:1    | Reached XP level 15. HP: 63/63 MP: 41/41
 30711 | Orc:4    | Entered Level 4 of the Orcish Mines
 30711 | Orc:4    | Found a labyrinth entrance.
 30725 | Lab      | Entered a labyrinth
 31289 | Lab      | Got a faintly humming troll leather armour
 31312 | Lab      | Identified the +2 troll leather armour of Evolution {Slay+3} (You took it off a minotaur in a labyrinth)
 31316 | Lab      | Got a twisted robe
 31328 | Lab      | Identified the +0 robe "Star Uja" {rElec Str+2} (You found it in a labyrinth)
 31922 | Orc:4    | Found a staircase to the Elven Halls.
 32214 | Orc:3    | Reached skill level 19 in Spellcasting
 32688 | Orc:4    | Found Ybiwatau's Armour Emporium.
 32701 | Orc:4    | Found Idehyl's Armour Emporium.
 32762 | Orc:4    | Found Otur's Jewellery Boutique.
 32887 | Orc:4    | Found Wohejad Heka's Jewellery Shoppe.
 33011 | Orc:4    | Offered knowledge of Bolt of Cold by Vehumet.
 33027 | Orc:4    | Learned a level 6 spell: Bolt of Cold
 33110 | Orc:4    | Found a roughly hewn altar of Beogh.
 33914 | Spider:1 | Entered Level 1 of the Spider Nest
 33920 | Spider:1 | Noticed Kirke
 33933 | Spider:1 | Killed Kirke
 34051 | Spider:1 | Noticed Donald
 34076 | Spider:1 | Reached skill level 20 in Spellcasting
 34113 | Spider:1 | Killed Donald
 35039 | Spider:2 | Noticed Agnes
 35064 | Spider:2 | Killed Agnes
 36501 | Spider:3 | Noticed Frances
 36632 | Spider:3 | Reached skill level 21 in Spellcasting
 36633 | Spider:3 | Reached XP level 16. HP: 56/67 MP: 31/43
 36634 | Spider:3 | Offered knowledge of Lehudib's Crystal Spear by Vehumet.
 36634 | Spider:3 | Offered knowledge of Fire Storm by Vehumet.
 36634 | Spider:3 | Offered knowledge of Tornado by Vehumet.
 36703 | Spider:3 | Learned a level 3 spell: Mephitic Cloud
 36730 | Spider:3 | Killed Frances
 37002 | Spider:3 | Noticed Nikola
 37086 | Spider:2 | Reached skill level 1 in Ice Magic
 37593 | Spider:3 | Killed Nikola
 37803 | Spider:4 | Got a dazzling mace
 38028 | Spider:4 | Learned a level 3 spell: Regeneration
 38742 | Spider:5 | Entered Level 5 of the Spider Nest
 38973 | Spider:5 | Reached skill level 5 in Conjurations
 39517 | Spider:5 | Noticed Norris
 39565 | Spider:5 | Killed Norris
 39718 | Spider:5 | Upgraded the game from 0.16-a0-3420-gb95a3aa to 0.16-a0-3452-g71b9fc6
 39822 | Spider:5 | Noticed Arachne
 39849 | Spider:5 | Killed Arachne
 41925 | Lair:2   | Reached XP level 17. HP: 70/70 MP: 43/43
 42765 | Spider:5 | Got a gossamer rune of Zot
 43520 | Elf:1    | Entered Level 1 of the Elven Halls
 43633 | Elf:1    | Reached XP level 18. HP: 74/74 MP: 44/44
 44540 | Elf:1    | Got a distressingly furry robe
 45507 | D:10     | Found a portal to a secret trove of treasure.
 45612 | Lair:2   | Identified the +4 robe of the Shining One's Hope {MR++ SInv} (You took it off a deep elf fighter on level 1 of the Elven Halls)
 46804 | Elf:2    | Found a runed gate.
 46805 | Elf:2    | Found a runed gate.
 46805 | Elf:2    | Found a runed gate.
 49182 | Slime:1  | Entered Level 1 of the Pits of Slime
 49279 | Lair:8   | Mangled by an azure jelly

Action                   |  1- 3 |  4- 6 |  7- 9 | 10-12 | 13-15 | 16-18 || total
-------------------------+-------+-------+-------+-------+-------+-------++-------
Melee: Dagger            |    25 |     2 |       |     3 |       |       ||    30
       Rapier            |    18 |       |       |       |       |   407 ||   425
       Short sword       |    38 |    66 |   319 |   553 |  1157 |    77 ||  2210
       Spear             |     1 |       |       |       |       |       ||     1
 Fire: Blowgun           |       |       |       |       |     3 |       ||     3
 Cast: Corona            |     9 |     2 |       |       |       |       ||    11
       Ensorcelled Hiber |     1 |    16 |    59 |   122 |   323 |   105 ||   626
       Confuse           |     2 |    14 |    45 |   160 |   275 |    91 ||   587
       Sure Blade        |       |     2 |     1 |     8 |     3 |       ||    14
       Dazzling Spray    |       |       |     2 |    47 |   145 |    76 ||   270
       Iskenderun's Myst |       |       |       |    39 |    62 |    62 ||   163
       Stone Arrow       |       |       |       |    18 |    40 |    90 ||   148
       Enslavement       |       |       |       |     3 |     4 |     1 ||     8
       Fireball          |       |       |       |       |    13 |    13 ||    26
       Summon Mana Viper |       |       |       |       |    16 |    38 ||    54
       Iskenderun's Batt |       |       |       |       |    17 |    35 ||    52
       Mephitic Cloud    |       |       |       |       |       |    60 ||    60
       Regeneration      |       |       |       |       |       |     3 ||     3
       Apportation       |       |       |       |       |       |     1 ||     1
Evoke: Wand              |       |       |       |       |     2 |       ||     2
       Box of beasts     |       |       |       |       |       |     1 ||     1
       Phial of floods   |       |       |       |       |       |     1 ||     1
  Use: Scroll            |       |    14 |     9 |     8 |    14 |     6 ||    51
       Potion            |       |       |       |     2 |     2 |     2 ||     6
 Stab: Sleeping          |    10 |    24 |    72 |    87 |   283 |   105 ||   581
       Confused          |     2 |     9 |    23 |    95 |   153 |    73 ||   355
       Distracted        |       |     1 |       |     1 |     3 |       ||     5
       Invisible         |       |       |     1 |     6 |    38 |    24 ||    69
  Eat: Pizza             |       |     1 |       |     1 |     2 |     1 ||     5
       Fruit             |       |       |     5 |     9 |    13 |     8 ||    35
       Bread ration      |       |       |     1 |       |       |       ||     1
